 Dungeon Crawl Stone Soup version 0.30.0-17-ge0270778cf (webtiles) character file.

Game seed: 1456465008613254607

1753 AlmostDecent the Geomancer (level 9, -3/46 HPs)
             Began as a Gargoyle Earth Elementalist on May 22, 2023.
             Slain by a yak (4 damage)
             ... on level 6 of the Dungeon.
             The game lasted 00:18:06 (4570 turns).

AlmostDecent the Geomancer (GrEE)                   Turns: 4570, Time: 00:18:07

Health: -3/46      AC:  9    Str: 11    XL:     9   Next: 6%
Magic:  10/20      EV: 12    Int: 21    God:
Gold:   676        SH:  0    Dex: 12    Spells: 19/23 levels left

rFire   + . .        e - staff of earth "Xyeceteq" {rElec rF+ Dex+2 Stlth+}
rCold   . . .        (no shield)
rNeg    + . .        a - +0 robe
rPois   ∞            j - +1 hat
rElec   +            (no cloak)
rCorr   .            (no gloves)
SInv    .            (no boots)
Will    .....        (no amulet)
Stlth   +++          (no ring)
HPRegen 0.27/turn    (no ring)
MPRegen 0.17/turn

%: no passive effects
@: no status effects
A: sickness immunity, AC +6, negative energy resistance 1, electricity
resistance, torment resistance 1, petrification resistance
a: no special abilities


You were on level 6 of the Dungeon.
You visited 1 branch of the dungeon, and saw 6 of its levels.

You collected 730 gold pieces.
You spent 54 gold pieces at shops.

Inventory:

Hand Weapons
 c - a +1 mace
 h - the +3 quarterstaff of the Extremes {flame, rC- rN+ Int+4}
   (You found it on level 5 of the Dungeon)

   Int:       It affects your intelligence (+4).
   rC:        It makes you vulnerable to cold.
   rN:        It protects you from negative energy.
Armour
 a - a +0 robe (worn)
 j - a +1 hat (worn)
Magical Staves
 e - the staff of earth "Xyeceteq" (weapon) {rElec rF+ Dex+2 Stlth+}
   (You acquired it on level 4 of the Dungeon)

   [staff of earth]

   Base accuracy: +5 Base damage: 5 Base attack delay: 1.2 This weapon's minimum
   attack delay (0.6) is reached at skill level 12.
   Dex:       It affects your dexterity (+2).
   rF:        It protects you from fire.
   rElec:     It insulates you from electricity.
   Stlth:     It makes you more stealthy.
   It falls into the 'Staves' category.
   It is a one-handed weapon.
Wands
 i - a wand of acid (6)
Scrolls
 f - 2 scrolls of teleportation
 k - 2 scrolls of enchant weapon
 m - 3 scrolls of magic mapping {unknown}
 o - a scroll of immolation {unknown}
 p - a scroll of blinking {unknown}
 q - a scroll of noise {unknown}
 v - a scroll of fog {unknown}
Potions
 b - a potion of magic
 d - 6 potions of mutation
 g - a potion of invisibility
 l - a potion of curing {unknown}
 n - 3 potions of attraction
 r - 2 potions of haste
 s - a potion of ambrosia {unknown}
 t - 2 potions of heal wounds
 u - a potion of degeneration {unknown}
 w - a potion of might {unknown}


   Skills:
 + Level 0.3 Fighting
 + Level 1.9 Dodging
 + Level 2.8 Stealth
 * Level 7.7 Spellcasting
 + Level 0.4 Conjurations
 + Level 0.7 Transmutations
 * Level 9.7 Earth Magic


You had 19 spell levels left.
You knew the following spells:

 Your Spells              Type           Power      Damage    Failure   Level
a - Sandblast             Erth           100%       2d20      1%          1
b - Stone Arrow           Conj/Erth      88%        3d12      3%          3

Your spell library contained the following spells:

 Spells                   Type           Power      Damage    Failure   Level
 Passwall                 Tmut/Erth      37%        N/A       1%          2
 Shock                    Conj/Air       36%        1d5       8%          1
 Petrify                  Tmut/Erth      45%        N/A       10%         4
 Swiftness                Air            8%         N/A       24%         3
 Airstrike                Air            4%         2d(1-17)  63%         4


Dungeon Overview and Level Annotations

Branches:
Dungeon (6/15)
 Temple: D:4-7

Altars:
Cheibriados
Gozag
Sif Muna
Trog
Wu Jian
Xom
The Shining One

Shops:
D:4 *

Annotations:
D:5 4 runed translucent doors, Crazy Yiuf; pigah's ghost, novice OpAE


Innate Abilities, Weirdness & Mutations

You are immune to sickness and miasma.
Your stone body is resilient. (AC +6)
You are immune to poison.
You resist negative energy. (rN+)
You are resistant to electric shocks. (rElec)
You are resistant to unholy torment.
You are immune to petrification.


Message History

You kill the yak!
The yak gores you! The yak gores you.
You feel a surge of power!
The blast of sand hits the yak!!
The yak is heavily wounded.
The yak bellows! x2
The yak gores you.
A yak comes into view.
You feel a surge of power!
The blast of sand hits the yak!!
You kill the yak!
The yak bellows!
You have reached level 9!
Your experience leads to an increase in your attributes!
Your base attributes are Str 11, Int 19, Dex 10.
Increase (S)trength, (I)ntelligence, or (D)exterity?
You feel clever. x2
You feel a surge of power!
The blast of sand hits the yak!!
The yak is severely wounded.
A yak comes into view.
You feel a surge of power!
The blast of sand hits the yak!
The yak is almost dead.
The yak bellows!
The yak gores you!
* * * LOW HITPOINT WARNING * * *
The yak gores you!
* * * LOW HITPOINT WARNING * * *
You are too injured to fight recklessly!
Aiming: Sandblast (safe; 1% risk of failure)
Press: ? - help, Q - select action, (/) - cycle Shift-Dir - straight line, f/p - yak
Aim: a yak (almost dead, 91% to hit)
You feel a surge of power!
The blast of sand hits the yak.
The yak is almost dead.
The yak barely misses you.
Aiming: Sandblast (safe; 1% risk of failure)
Press: ? - help, Q - select action, (/) - cycle Shift-Dir - straight line, f/p - yak
Aim: a yak (almost dead, 91% to hit)
You feel a surge of power!
The blast of sand misses the yak.
The blast of sand hits the yak!!
The yak is heavily wounded.
The yak gores you.
You die...

#.....+..........#####
#.....#..........#....
#.....#....#.....#........>.#....
....Y#....#.....#......#####....
#....#....#......####### #...)
##....#....#......# #...)
#.....#....#.....## #..))
#.....#....#...†..# #....
#...YY#....#YYYY@.# #....
#.....#....'......# #....
#.....#....#.)...## #....
##....#....####### #####
#....#....# #....YY...#
#....#....# #....#..).#
######....#


You could see 4 yaks.

Vanquished Creatures
  Prince Ribbit (D:5)
  Sigmund (D:2)
  2 yaks (D:6)
  An ice beast (D:6)
  A water moccasin (D:6)
  A sky beast (D:5)
  2 ogres
  A kobold brigand (D:6)
  2 scorpions
  A howler monkey (D:4)
  4 jellies
  Terence (D:2)
  Jessica (D:2)
  3 iguanas
  2 orc wizards (D:5)
  4 adders
  2 worms
  2 dart slugs
  13 orcs
  9 ball pythons
  An endoplasm (D:3)
  8 giant cockroaches
  6 goblins
  5 hobgoblins
  3 jackals (D:4)
  A quokka (D:4)
  6 bats
  4 frilled lizards
  6 kobolds
  4 rats
98 creatures vanquished.

Notes
Turn   | Place    | Note
-------+----------+-------------------------------------------
     0 | D:1      | AlmostDecent the Gargoyle Earth Elementalist began the
                  | quest for the Orb.
     0 | D:1      | Reached XP level 1. HP: 10/10 MP: 3/3
   130 | D:1      | Reached skill level 4 in Earth Magic
   196 | D:1      | Reached XP level 2. HP: 15/15 MP: 3/5
   965 | D:2      | Noticed Jessica
   976 | D:2      | Reached XP level 3. HP: 17/19 MP: 2/6
   978 | D:2      | Killed Jessica
   979 | D:2      | Reached skill level 5 in Earth Magic
   979 | D:2      | Reached XP level 4. HP: 19/24 MP: 1/8
  1222 | D:2      | Noticed Terence
  1229 | D:2      | Killed Terence
  1293 | D:2      | Noticed Sigmund
  1298 | D:2      | Learned a level 3 spell: Stone Arrow
  1300 | D:2      | Killed Sigmund
  1301 | D:2      | Reached skill level 6 in Earth Magic
  1301 | D:2      | Reached XP level 5. HP: 17/28 MP: 1/11
  1301 | D:2      | Reached XP level 6. HP: 20/32 MP: 1/12
  2274 | D:3      | Found a bloodstained altar of Trog.
  2445 | D:4      | Found a snail-covered altar of Cheibriados.
  2519 | D:4      | Reached skill level 5 in Spellcasting
  2519 | D:4      | Reached XP level 7. HP: 36/36 MP: 7/14
  3068 | D:4      | Found Useraukh's Assorted Antiques.
  3076 | D:4      | Bought a scroll labelled NYDEAMM ARCHU for 27 gold pieces
  3076 | D:4      | Bought a scroll labelled QEOMYNA KEIXEOGRO for 27 gold
                  | pieces
  3186 | D:4      | Identified 2 scrolls of acquirement
  3186 | D:4      | Acquired the staff of earth "Xyeceteq" {rElec rF+ Dex+2
                  | Stlth+}
  3219 | D:5      | Entered Level 5 of the Dungeon
  3259 | D:5      | Found a glowing golden altar of the Shining One.
  3330 | D:5      | Reached skill level 7 in Earth Magic
  3349 | D:5      | Found a shimmering blue altar of Sif Muna.
  3502 | D:5      | Noticed Prince Ribbit
  3504 | D:5      | Killed Prince Ribbit
  3505 | D:5      | Reached skill level 8 in Earth Magic
  3505 | D:5      | Reached XP level 8. HP: 41/41 MP: 14/17
  3937 | D:5      | Found a runed translucent gate.
  3938 | D:5      | Found a runed translucent gate.
  3938 | D:5      | Found a runed translucent gate.
  3939 | D:5      | Found an opulent altar of Gozag.
  3942 | D:5      | Noticed pigah's ghost (novice OpAE)
  4028 | D:5      | Found a runed translucent door.
  4029 | D:5      | Noticed Crazy Yiuf
  4058 | D:5      | Found an ornate altar of the Wu Jian Council.
  4067 | D:5      | Acquired 404 gold pieces
  4077 | D:5      | Identified the +3 quarterstaff of the Extremes {flame, rC-
                  | rN+ Int+4}
  4122 | D:5      | Noticed a shadow
  4325 | D:6      | Reached skill level 9 in Earth Magic
  4338 | D:6      | Found a shimmering altar of Xom.
  4539 | D:6      | Noticed a yak
  4539 | D:6      | Noticed a yak
  4544 | D:6      | Noticed a yak
  4544 | D:6      | Noticed a yak
  4564 | D:6      | Killed a yak
  4566 | D:6      | Noticed a yak
  4566 | D:6      | Killed a yak
  4567 | D:6      | Reached XP level 9. HP: 24/46 MP: 13/20
  4568 | D:6      | HP: 1/46 [yak (11)]
  4570 | D:6      | Slain by a yak

Illustrated notes

Levels and vault maps discovered:
D:1:      onia_arrival_mini_spirals, layout_loops_ring
D:2:      layout_loops_ring, uniq_sigmund, uniq_terence, uniq_jessica
D:3:      layout_rooms, lightli_temple_of_fire
D:4:      layout_basic, kennysheep_slug_shrine, serial_shops, shop
D:5:      layout_loops_ring, mainiacjoe_overflow_alcove_2,
          nicolae_wu_jian_glorious_leap, mainiacjoe_overflow_small_starburst,
          ebering_ghost_gozag, eino_tiny_chamber, minivault_23,
          uniq_prince_ribbit1, uniq_crazy_yiuf_cottage
D:6:      layout_gridville, mainiacjoe_overflow_paths, xom_butterflies,
          lemuel_temple_firewalk_a, uniq_duvessa

Skill      XL: |  1  2  3  4  5  6  7  8 |
---------------+-------------------------+-----
Earth Magic    | 4 5 6 8 9 |  9.7
Spellcasting   | 4 5 6 7 |  7.7
Fighting       | |  0.3
Dodging        | |  1.9
Stealth        | |  2.8
Conjurations   | |  0.4
Transmutations | |  0.7

Action                     |  1- 3 |  4- 6 |  7- 9 || total
---------------------------+-------+-------+-------++-------
  Melee: Mace              |     4 |       |       ||     4
   Cast: Sandblast         |    29 |    55 |    65 ||   149
         Stone Arrow       |       |     2 |       ||     2
    Use: Scroll            |       |       |    11 ||    11
         Potion            |       |       |     1 ||     1
 Armour: Robe              |     4 |     5 |     4 ||    13
  Dodge: Dodged            |     7 |     7 |     7 ||    21
